 Dungeon Crawl Stone Soup version 0.25.0-9-g26727b6 (webtiles) character file.

Game seed: 584884964160538381

470 Brutalitops the Shooter (level 6, -12/52 HPs)
             Began as a Centaur Enchanter on June 20, 2020.
             Mangled by Blork the orc
             ... wielding a +4 halberd of pain
              (14 damage)
             ... on level 3 of the Dungeon on June 21, 2020.
             The game lasted 00:26:15 (4952 turns).

Brutalitops the Shooter (Centaur Enchanter)         Turns: 4952, Time: 00:26:16

Health: -12/52     AC:  9    Str: 12    XL:     6   Next: 82%
Magic:  8/8        EV:  6    Int: 14    God:
Gold:   83         SH:  0    Dex: 10    Spells: 7/8 levels left

rFire    + . .     SeeInvis .   i - +2 hand axe (freeze)
rCold    + . .     Gourm    .   (no shield)
rNeg     . . .     Faith    .   l - +0 ring mail
rPois    +         Spirit   .   (no helmet)
rElec    +         Reflect  .   (no cloak)
rCorr    +         Harm     .   (no gloves)
MR       .....                  v - +0 centaur barding
Stlth    +.........             (no amulet)
HPRegen  0.17/turn              (no ring)
MPRegen  0.11/turn              (no ring)

@: resistant, very quick
A: large, hooves 3, deformed body, speed 2, tough skin 3
a: no special abilities


You were on level 3 of the Dungeon.
You were not hungry.

You visited 1 branch of the dungeon, and saw 4 of its levels.

You collected 83 gold pieces.

Inventory:

Hand Weapons
 b - a +0 shortbow
 c - a +1 dagger
 h - a +0 short sword
 i - a +2 hand axe of freezing (weapon)
 u - a +0 hunting sling
Missiles
 m - 141 stones (quivered)
 o - 15 bolts
 q - 18 sling bullets
 y - 12 arrows
Armour
 l - a +0 ring mail (worn)
 v - a +0 centaur barding (worn)
Wands
 w - a wand of enslavement (10)
 B - a wand of iceblast (6)
Scrolls
 j - 3 scrolls of remove curse
 r - a scroll of amnesia
 x - 2 scrolls of random uselessness
Potions
 f - 2 potions of stabbing
 s - 2 potions of curing
 t - a potion of haste
Comestibles
 d - 9 rations


   Skills:
 + Level 4.1 Fighting
 - Level 0.8(1.4) Short Blades
   Level 1.8(2.0) Long Blades
 - Level 3.5 Slings
 + Level 4.6 Bows
 - Level 1.3 Dodging
 - Level 1.7 Stealth
 - Level 1.5 Spellcasting
 - Level 2.6 Hexes


You had 7 spell levels left.
You knew the following spells:

 Your Spells              Type           Power        Failure   Level  Hunger
a - Corona                Hex            #......      19%         1    ##.....

Your spell library contained the following spells:

 Spells                   Type           Power        Failure   Level  Hunger
 Ensorcelled Hibernation  Hex/Ice        #.....       45%         2    ###....
 Confusing Touch          Hex            #.......     50%         3    ####...
 Tukima's Dance           Hex            #.......     50%         3    ####...
 Dazzling Flash           Conj/Hex       #.....       69%         3    ####...


Dungeon Overview and Level Annotations

Branches:
Dungeon (4/15)
 Temple: D:4-7

Altars:
Ashenzari
Makhleb
Vehumet

Annotations:
D:2 Sigmund
D:3 Blork the orc


Innate Abilities, Weirdness & Mutations

You have hooves in place of feet.
Armour fits poorly on your strangely shaped body.
You cover ground very quickly.
You have extremely tough skin. (AC +3)


Message History

* * * LOW HITPOINT WARNING * * *
You writhe in agony.
* * * LOW HITPOINT WARNING * * *
You are confused.
You feel invigorated.
Blork the orc casts a spell.
Blork the orc flickers and vanishes!
Deactivating autopickup; reactivate with Ctrl-A.
Something hits you.
* * * LOW HITPOINT WARNING * * *
Something hits you.
* * * LOW HITPOINT WARNING * * *
You writhe in agony.
* * * LOW HITPOINT WARNING * * *
You feel less invigorated.
You feel less confused. Something hits you.
* * * LOW HITPOINT WARNING * * *
Something hits you!
You die...

#.#......)..#.#.#######...##.....
..#.##.####.#.#.......'...''.....
..)....####.#.#########...##.....
###.#.....................##.....
..........#.#.#########.####.....
###.#.###.#.#...........#.....##.
#.#.# #.#.#.###########.###.##.
#.#.# #.#.#.###########...#.##.
#.#.# #.#.....@{(<..(......(...
#.#.###'#.............[.....##.
#.#.#........############+####.
#.#.#........# #.........
#.#.#........# #.........
#.#.#........# #.........
#.#.#........# ####'#####
###.#.#........# #.#####
....#.###.....## #......


There were no monsters in sight!

Vanquished Creatures
  2 centaurs
  A howler monkey (D:3)
  An orc priest (D:3)
  An orc wizard (D:3)
  Ijyb (D:3)
  Jessica (D:3)
  An iguana (D:4)
  An adder (D:3)
  An ooze (D:3)
  An adder skeleton (D:4)
  2 worms
  3 dart slugs
  6 leopard geckos
  12 orcs
  5 giant cockroaches
  11 goblins
  6 hobgoblins
  8 jackals
  2 quokkas (D:3)
  2 ball pythons (D:1)
  11 bats
  7 frilled lizards
  9 kobolds
  7 rats
102 creatures vanquished.

Notes
Turn   | Place    | Note
-------+----------+-------------------------------------------
     0 | D:1      | Brutalitops the Centaur Enchanter began the quest for the
                  | Orb.
     0 | D:1      | Reached XP level 1. HP: 14/14 MP: 3/3
    47 | D:1      | Reached skill level 1 in Fighting
   139 | D:1      | Reached XP level 2. HP: 24/24 MP: 4/4
   859 | D:1      | Reached XP level 3. HP: 30/30 MP: 5/5
  1555 | D:2      | Reached skill level 1 in Slings
  1588 | D:2      | Noticed Sigmund
  2203 | D:2      | Found a shattered altar of Ashenzari.
  2575 | D:3      | Reached XP level 4. HP: 37/38 MP: 6/6
  2744 | D:3      | Noticed a centaur
  2756 | D:3      | Killed a centaur
  2756 | D:3      | Reached XP level 5. HP: 29/45 MP: 7/7
  2972 | D:3      | Found a burning altar of Makhleb.
  3015 | D:3      | Noticed Jessica
  3017 | D:3      | Killed Jessica
  3017 | D:3      | Reached skill level 1 in Bows
  3068 | D:3      | Found a radiant altar of Vehumet.
  3221 | D:3      | Noticed Ijyb
  3241 | D:3      | Killed Ijyb
  3241 | D:3      | Reached skill level 1 in Long Blades
  4000 | D:4      | Reached XP level 6. HP: 45/52 MP: 8/8
  4479 | D:4      | Noticed Blork the orc
  4949 | D:3      | HP: 2/52 [something (5)]
  4952 | D:3      | Mangled by Blork the orc

Illustrated notes

Levels and vault maps discovered:
D:1:      grunt_arrival_crossed_arrows, layout_loops_ring, chequers_big_river,
          kennysheep_crisscross
D:2:      layout_basic, nicolae_overflow_hidden_temple, uniq_sigmund
D:3:      minmay_octagon_keep, layout_basic, vehumet_crystals,
          old_standard_altar, uniq_jessica, uniq_ijyb
D:4:      layout_rooms, marbit_many_paths, chequers_serial_rivers_room_b,
          minmay_curled_crystal, uniq_duvessa, uniq_blork_the_orc

Skill      XL: |  1  2  3  4  5  6 |
---------------+-------------------+-----
Fighting       | 1 2 3 4 |  4.1
Slings         | 2 3 |  3.5
Bows           | 2 4 |  4.6
Long Blades    | 1 |  1.8
Short Blades   | |  0.8
Dodging        | |  1.3
Stealth        | |  1.7
Spellcasting   | |  1.5
Hexes          | |  2.6

Action                   |  1- 3 |  4- 6 || total
-------------------------+-------+-------++-------
Melee: Dagger            |   125 |       ||   125
       Kick              |    17 |    27 ||    44
       Falchion          |    25 |   123 ||   148
       Short sword       |     2 |       ||     2
       Hand axe          |       |     9 ||     9
 Fire: Hunting sling     |    55 |     3 ||    58
       Shortbow          |       |    83 ||    83
  Use: Scroll            |     7 |     8 ||    15
       Potion            |       |     5 ||     5
  Eat: Chunk             |     4 |     6 ||    10
Armor: Robe              |    50 |       ||    50
       Ring mail         |    31 |   106 ||   137
Dodge: Dodged            |    73 |    43 ||   116
       Rpst.: Falchion   |     2 |    14 ||    16
